 Dungeon Crawl Stone Soup version 0.26.0-10-g1f06aea511 (webtiles) character file.

Game seed: 8778767800861848527

32 theswoord the Cudgeller (level 3, 0/29 HPs)
             Began as a Demonspawn Monk on Jan 13, 2021.
             Slain by a hobgoblin
             ... wielding a +0 club
              (2 damage)
             ... on level 2 of the Dungeon.
             The game lasted 00:00:59 (1297 turns).

theswoord the Cudgeller (Demonspawn Monk)           Turns: 1297, Time: 00:00:59

Health: 0/29       AC:  4    Str: 12    XL:     3   Next: 8%
Magic:  3/3        EV: 13    Int: 11    God:
Gold:   87         SH:  0    Dex: 15    Spells: 2/2 levels left

rFire    . . .     SeeInvis .   a - +0 mace
rCold    . . .     Faith    .   (no shield)
rNeg     . . .     Spirit   .   b - +0 robe
rPois    .         Reflect  .   (no helmet)
rElec    .         Harm     .   (no cloak)
rCorr    .         Rampage  .   (no gloves)
Will     .....                  (no boots)
Stlth    ++........             (no amulet)
HPRegen  0.09/turn              i - ring of flight
MPRegen  0.08/turn              (no ring)

@: no status effects
A: talons 1, molten scales 1
a: Evoke Flight


You were on level 2 of the Dungeon.
You visited 1 branch of the dungeon, and saw 2 of its levels.

You collected 87 gold pieces.

Inventory:

Hand Weapons
 a - a +0 mace (weapon)
Armour
 b - a +0 robe (worn)
Jewellery
 i - a ring of flight (left hand)
 j - an uncursed ring of wizardry {unknown}
Scrolls
 c - a scroll of noise {unknown}
 d - a scroll of immolation {unknown}
 f - 2 scrolls of identify {unknown}
 g - 2 scrolls of remove curse {unknown}
 h - a scroll of teleportation {unknown}
 k - a scroll of enchant armour {unknown}
Potions
 e - a potion of heal wounds {unknown}


   Skills:
 - Level 3.0 Fighting
 + Level 3.9 Maces & Flails
 - Level 2.6 Dodging
 - Level 1.7 Stealth


You had 2 spell levels left.
You didn't know any spells.
Your spell library was empty.

Dungeon Overview and Level Annotations

Branches:
Dungeon (2/15)

Altars:


Innate Abilities, Weirdness & Mutations

You have sharp toenails.
You are partially covered in molten scales. (AC +2)


Message History

The gnoll misses you.
The gnoll hits you from afar with a +0 halberd.
The hobgoblin hits you but does no damage.
The gnoll hits you.
You barely miss the gnoll. Your kick misses the gnoll.
The gnoll is heavily wounded.
The gnoll hits you from afar with a +0 halberd!
* * * LOW HITPOINT WARNING * * *
The hobgoblin barely misses you. The gnoll completely misses you.
You hit the gnoll. Your kick misses the gnoll.
The gnoll is almost dead.
The hobgoblin completely misses you.
The gnoll hits you from afar with a +0 halberd.
* * * LOW HITPOINT WARNING * * *
The gnoll barely misses you.
You hit the gnoll.
You kill the gnoll!
The hobgoblin hits you but does no damage.
The gnoll completely misses you. The hobgoblin hits you with a +0 club.
You die...

#. ....# # #.
....#
(.###'##....#
.......#....##
.....#.....#
.g.#.....#
#gg.....# #@.#
#..# ##.##
##### #..#
....# #..##
....# ########
##..# ....#
#......# #..#
[...# #......#
#..##
....###......#
#...#


You could see 2 gnolls and a hobgoblin.

Vanquished Creatures
  A gnoll (D:2)
  4 goblins (D:1)
  4 hobgoblins
  5 jackals (D:1)
  4 bats (D:1)
  5 frilled lizards
  3 kobolds
  4 rats
30 creatures vanquished.

Vanquished Creatures (others)
  4 plants (D:1)
4 creatures vanquished.

Grand Total: 34 creatures vanquished

Notes
Turn   | Place    | Note
-------+----------+-------------------------------------------
     0 | D:1      | theswoord the Demonspawn Monk began the quest for the Orb.
     0 | D:1      | Reached XP level 1. HP: 18/18 MP: 1/1
   204 | D:1      | Gained mutation: You have sharp toenails. [demonic
                  | ancestry]
   204 | D:1      | Reached XP level 2. HP: 24/24 MP: 2/2
  1039 | D:2      | Gained mutation: You are partially covered in molten
                  | scales. (AC +2) [demonic ancestry]
  1039 | D:2      | Reached XP level 3. HP: 12/29 MP: 3/3
  1297 | D:2      | Slain by a hobgoblin

Skill      XL: |  1 |
---------------+----+-----
Maces & Flails | 3 |  3.9
Fighting       | |  3.0
Dodging        | |  2.6
Stealth        | |  1.7

Action                   || total
-------------------------++-------
Melee: Mace              ||    99
       Kick              ||    14
 Stab: Sleeping          ||     6
Armor: Robe              ||    17
Dodge: Dodged            ||    84

Levels and vault maps discovered:
D:1:      roderic_crop_circles_arrival_small, layout_loops_ring
D:2:      layout_basic, nicolae_overflow_crystal_walls,
          overflow_temple_1_default
